 Dungeon Crawl Stone Soup version 0.14-a0-2080-ge317583 (webtiles) character file.

58259 HollowCharge the Cleaver (level 14, -3/122 HPs)
             Began as a Demigod Gladiator on Jan 23, 2014.
             Slain by a naga warrior
             ... wielding a +0,+0 spear
              (16 damage)
             ... on Level 2 of the Snake Pit on Jan 24, 2014.
             The game lasted 03:40:35 (36426 turns).

HollowCharge the Cleaver (Demigod Gladiator)       Turns: 36426, Time: 03:40:35

HP  -3/122       AC 20     Str 32      XL: 14   Next: 11%
MP  21/21        EV 17     Int 15      God:
Gold 1069        SH 26     Dex 21      Spells:  0 memorised, 13 levels left

rFire  . . .     SeeInvis .     t - +5 war axe (distort)
rCold  . . .     Clarity  .     P - +2 orc plate armour
rNeg   . . .     Conserve .     e - +2 shield
rPois  +         rCorr    .     X - +0 helmet
rElec  .         rRot     .     (no cloak)
SustAb . .       Spirit   .     b - +0 pair of gloves
rMut   .         Warding  .     w - +0 pair of boots
Saprov . . .     Stasis   .     s - amulet "Coih Vioh" {+Rage Str+1}
MR     +....     NoCast   +     B - +5 ring of strength
                                x - ring "Okeihiaf" {-Cast rPois}

@: agile, constricted, drained, somewhat resistant to hostile enchantments,
extremely unstealthy
A: carnivore 1, mutation resistance 1
a: Evoke Berserk Rage


You were on level 2 of the Snake Pit.
You were not hungry.

You visited 4 branches of the dungeon, and saw 26 of its levels.
You also visited: Sewer and Ossuary.

You collected 2338 gold pieces.
You spent 1269 gold pieces at shops.

Inventory:

Hand weapons
 t - a +5,+5 war axe of distortion (weapon)
Armour
 b - a +0 pair of gloves (worn)
 e - a +2 shield (worn)
 w - a +0 pair of boots (worn)
 P - a +2 orcish plate armour (worn)
 X - a +0 helmet (worn)
Magical devices
 h - a wand of draining (4)
 j - a wand of hasting (6)
 k - a wand of heal wounds (4) {unknown}
 u - a wand of enslavement (8)
 G - a wand of slowing (15)
 Y - a wand of digging (7)
Comestibles
 c - a pear
 g - 8 meat rations
 z - 2 bread rations
 H - 8 strawberries
Scrolls
 d - a scroll of fog
 n - 2 scrolls of identify
 o - 3 scrolls of enchant weapon II
 v - 4 scrolls of teleportation
 A - 2 scrolls of magic mapping
 D - a scroll of fear
 E - a scroll of amnesia
Jewellery
 a - an uncursed ring of flight
 f - an uncursed ring of protection from fire
 m - an uncursed ring of positive energy
 s - the amulet "Coih Vioh" (around neck) {+Rage Str+1}
   (You found it on level 2 of the Snake Pit)

   [amulet of rage]

   It affects your strength (+1).
 x - the ring "Okeihiaf" (left hand) {-Cast rPois}
   (You found it on level 7 of the Dungeon)

   [ring of poison resistance]

   It prevents spellcasting.
 y - a +5 ring of dexterity
 B - a +5 ring of strength (right hand)
 F - an uncursed amulet of the gourmand
 R - the ring of Zenoni {rF+ rC- rN+}
   (You found it on level 8 of the Dungeon)

   [ring of positive energy]

   It protects you from fire.
   It makes you vulnerable to cold.
Potions
 i - 2 potions of might
 l - 5 potions of curing
 p - 3 potions of agility
 r - a potion of heal wounds
 O - a potion of resistance
Books
 q - a book of Spatial Translocations

   Spells                             Type                      Level
   Apportation                        Translocation                1
   Portal Projectile                  Translocation                2
   Blink                              Translocation                2
   Shroud of Golubria                 Charms/Translocation         2
   Teleport Other                     Translocation                3
   Passage of Golubria                Translocation                4
Miscellaneous
 K - a fan of gales
 S - a stone of tremors
 Z - a lantern of shadows


   Skills:
 + Level 10.6(10.4) Fighting
 * Level 14.4(14.2) Axes
 - Level 1.7(1.5) Throwing
 + Level 10.0(9.8) Armour
 + Level 11.0(10.8) Dodging
 + Level 5.3(5.1) Shields


You had 13 spell levels left.
You didn't know any spells.

Dungeon Overview and Level Annotations

Branches:
Dungeon (12/16)            Temple (0/1) D:5             Orc (4/4) D:12
    Elf (0/3) Orc:3          Lair (8/8) D:9           Snake (2/5) Lair:5
  Slime (0/6) Lair:7
  Swamp: Lair:3-6    Shoals: Lair:3-6    Spider: Lair:3-6

Shops:
Orc:3 /   Orc:4 *%

Annotations:
D:10 exclusion: oklob plant
D:11 Harold
Orc:3 Donald
Orc:4 Saint Roka
Abyss:1 Blork the orc, Maud, Nessos


Innate Abilities, Weirdness & Mutations

Your digestive system is specialised to digest meat.
You are somewhat resistant to further mutation.


Message History

The naga warrior drops a large shield.
The naga warrior picks up a battleaxe.
The naga warrior wields a battleaxe.
The naga warrior hits you but does no damage.
The naga warrior constricts you.
Drink which item? (? for menu, Esc to quit)
You feel much better.
The naga warrior hits you but does no damage.
The naga warrior constricts you.
You feel agile all of a sudden. The naga warrior misses you.
The naga warrior constricts you. The naga warrior blocks your attack.
The naga warrior spits poison at you. The splash of poison hits you!
You resist. The naga warrior constricts you.
The naga warrior hits you with a spear!
* * * LOW HITPOINT WARNING * * *
The naga warrior constricts you.
You slash the naga warrior!
Space bends around the naga warrior.
The naga warrior is moderately wounded.
The naga warrior hits you with a spear!
You die...

#......###### #......#<.^.#
#......####.# ####
#...........# ...#
#..........## ...####
##.##......## .......
#.##.......# .......
##.##.......########........
........[..N....@N..........
##.##.......#######.........
............##### #....!...
...........................
...........................
........[....#.....##..###
.)................. ..#
...................# #.#
##.#.###)#)..#.....


You could see 2 naga warriors.

Vanquished Creatures
  A dryad (Lair:7)
  2 skeletal warriors (D:12)
  A hill giant (Lair:7)
  3 orc sorcerers (Orc:4)
  2 griffons
  3 cyclopes
  A guardian serpent (Snake:2)
  Maurice (D:8)
  16 black mambas
  Psyche (Orc:2)
  2 item mimics (Orc:3)
  A fire drake (Lair:8)
  11 spiny frogs
  6 naga magi (Snake:2)
  4 trolls
  4 polar bears (Lair:8)
  5 komodo dragons
  Sonja (Orc:2)
  11 blink frogs
  Prince Ribbit (D:6)
  A boulder beetle (Lair:6)
  9 grizzly bears (Lair:8)
  A basilisk (Lair:8)
  A trapdoor spider (D:11)
  31 yaks
  6 hippogriffs
  2 wyverns (D:8)
  5 vampire mosquitoes (D:12)
  2 sharks (Lair:1)
  Grum (D:10)
  19 wolves
  Edmund (D:6)
  Menkaure (D:6)
  3 manticores
  4 hell hounds (Lair:8)
  15 porcupines
  21 orc warriors
  10 sky beasts
  17 nagas
  3 phantoms
  A giant goldfish (Lair:1)
  7 black bears
  2 dwarves (D:9)
  12 ogres
  A boring beetle (Lair:5)
  2 ice beasts
  4 centaurs
  8 crocodiles
  Sigmund (D:3)
  An elf zombie (Ossuary)
  2 giant slugs
  6 wargs
  13 giant frogs
  6 agate snails
  5 big kobolds
  12 water moccasins
  An insubstantial wisp (Lair:4)
  A jelly (D:11)
  2 jellyfish (Lair:1)
  11 wights
  6 killer bees (D:10)
  A goliath beetle (D:12)
  An electric eel (Lair:1)
  23 hounds
  A big fish (Lair:1)
  6 crimson imps
  6 iguanas
  19 orc priests
  A siren (Sewer)
  14 orc wizards
  A giant frog skeleton (D:7)
  A scorpion (D:9)
  A mermaid (Sewer)
  8 worker ants
  An ogre zombie (D:9)
  14 sheep
  Ijyb (D:7)
  Jessica (D:2)
  A big kobold zombie (Ossuary)
  A hound zombie (Ossuary)
  9 gnolls
  5 mummies
  6 giant centipedes
  24 green rats
  38 adders
  12 white imps (Lair:5)
  2 giant mites
  An inept feature mimic (D:9)
  4 worms
  2 adder zombies
  A scorpion zombie (D:5)
  7 grey rats
  9 giant geckos
  An ooze (D:5)
  162 orcs
  6 giant cockroaches
  2 gnoll zombies (Ossuary)
  17 goblins
  19 hobgoblins
  27 kobolds
  11 quokkas
  7 ball pythons
  18 bats
  9 giant newts
  A goblin skeleton (D:5)
  4 hobgoblin zombies
  22 jackals
  A jackal zombie (Ossuary)
  An orc skeleton (D:6)
  An orc zombie (Ossuary)
  36 rats
  A rat skeleton (D:4)
  A rat zombie (Ossuary)
  4 ballistomycetes (D:10)
  A bush (Lair:3)
  A butterfly (Lair:4)
  12 fungi
  7 plants
928 creatures vanquished.

Vanquished Creatures (others)
  A naga warrior (Snake:2)
  An unseen horror (D:10)
  2 hill giants
  3 black mambas (Snake:2)
  2 spiny frogs
  A fire drake (Lair:8)
  A naga mage (Snake:2)
  A komodo dragon (Lair:3)
  A polar bear (Lair:8)
  A shark (Lair:1)
  6 yaks
  A hippogriff (D:11)
  A wolf (Lair:8)
  A manticore (D:8)
  3 nagas
  3 orc warriors
  An ogre (Orc:3)
  A crocodile (D:11)
  A giant slug (Lair:3)
  A water moccasin (Lair:7)
  A giant frog (Lair:7)
  A cyclops zombie (D:12)
  A wyvern skeleton (D:11)
  An eye of draining (D:12)
  A wight (D:10)
  2 goliath beetles
  An orc wizard (Orc:1)
  2 hounds
  2 orc priests (Orc:4)
  A mummy (Ossuary)
  A gnoll (D:3)
  A green rat (D:5)
  3 orcs
  A jackal (Lair:8)
  A giant spore (D:10)
  2 ballistomycetes (D:10)
  21 fungi
  54 plants
130 creatures vanquished.

Grand Total: 1058 creatures vanquished

Notes
Turn   | Place    | Note
--------------------------------------------------------------
     0 | D:1      | HollowCharge, the Demigod Gladiator, began the quest for the Orb.
     0 | D:1      | Reached XP level 1. HP: 17/17 MP: 2/2
   588 | D:1      | Reached XP level 2. HP: 21/24 MP: 3/3
   719 | D:1      | Reached skill level 3 in Axes
  1009 | D:1      | Reached XP level 3. HP: 19/29 MP: 5/5
  1182 | D:2      | Reached skill level 1 in Armour
  1632 | D:2      | Noticed Jessica
  1638 | D:2      | Killed Jessica
  1728 | D:2      | Reached XP level 4. HP: 26/36 MP: 7/7
  2725 | D:3      | Noticed Sigmund
  3024 | D:3      | Killed Sigmund
  3024 | D:3      | Reached skill level 4 in Axes
  3024 | D:3      | Reached XP level 5. HP: 21/42 MP: 8/8
  3262 | D:3      | Found a radiant altar of Vehumet.
  3265 | D:3      | Noticed a sky beast
  3281 | D:3      | Killed a sky beast
  3281 | D:3      | Reached XP level 6. HP: 32/51 MP: 10/10
  4490 | D:4      | Reached skill level 5 in Axes
  4574 | D:4      | Noticed Blork the orc
  4579 | D:4      | Banished Blork the orc
  5053 | D:5      | Entered Level 5 of the Dungeon
  5058 | D:5      | Found a staircase to the Ecumenical Temple.
  5194 | D:5      | Found a sand-covered staircase.
  5199 | Ossuary  | Entered an ossuary
  5208 | Ossuary  | Reached XP level 7. HP: 53/57 MP: 12/12
  5735 | D:5      | Found a glowing drain.
  5796 | Sewer    | Entered a sewer
  6469 | D:5      | Reached skill level 6 in Axes
  6591 | D:6      | Noticed Prince Ribbit
  6653 | D:6      | Noticed Menkaure
  6658 | D:6      | Killed Menkaure
  6658 | D:6      | Reached skill level 5 in Dodging
  6658 | D:6      | Reached XP level 8. HP: 66/66 MP: 13/13
  7021 | D:6      | Killed Prince Ribbit
  7066 | D:6      | Noticed Edmund
  7072 | D:6      | Reached skill level 7 in Axes
  7402 | D:6      | Killed Edmund
  7483 | D:7      | Reached skill level 5 in Fighting
  7564 | D:7      | Got a crude ivory ring
  8465 | D:7      | Noticed Ijyb
  8496 | D:7      | Identified the ring "Okeihiaf" {-Cast rPois} (You found it on level 7 of the Dungeon)
  9002 | D:7      | Killed Ijyb
  9092 | D:8      | Reached XP level 9. HP: 59/74 MP: 15/15
  9184 | D:8      | Noticed Maurice
  9224 | D:8      | Killed Maurice
  9224 | D:8      | Reached skill level 8 in Axes
  9271 | D:8      | Reached skill level 5 in Armour
  9476 | D:8      | Got a slimy tin ring
  9477 | D:8      | Identified the ring of Zenoni {rF+ rC- rN+} (You found it on level 8 of the Dungeon)
  9960 | D:9      | Found an iron altar of Okawaru.
  9971 | D:9      | Reached skill level 1 in Shields
 10134 | D:9      | Found a staircase to the Lair.
 10219 | D:9      | Got an ichor-stained robe
 10230 | D:9      | Identified the cursed +0 robe of Marbles {Dex+4 Int+1} (You found it on level 9 of the Dungeon)
 10599 | D:9      | Reached skill level 9 in Axes
 10613 | D:10     | Entered Level 10 of the Dungeon
 10660 | D:10     | Noticed a hill giant
 10700 | D:10     | Banished a hill giant
 11064 | D:10     | Reached XP level 10. HP: 80/83 MP: 17/17
 11107 | D:10     | Noticed a two-headed hydra
 11307 | D:10     | Found a white marble altar of Elyvilon.
 11307 | D:10     | Noticed an oklob plant
 12125 | D:10     | Noticed Grum
 12152 | D:10     | Killed Grum
 12612 | D:10     | Reached skill level 10 in Axes
 12720 | Lair:1   | Entered Level 1 of the Lair of Beasts
 13308 | Lair:1   | Gained mutation: You are somewhat resistant to further mutation. [potion of beneficial mutation]
 14838 | Lair:2   | Reached XP level 11. HP: 88/92 MP: 18/18
 17279 | Lair:3   | Reached skill level 11 in Axes
 17534 | Lair:4   | Got a pitted crossbow
 18839 | Lair:5   | Upgraded the game from 0.14-a0-2071-g7172c92 to 0.14-a0-2080-ge317583
 19253 | Lair:5   | Found a frozen archway.
 19277 | Lair:5   | Found a burning altar of Makhleb.
 20135 | Lair:5   | Found a staircase to the Snake Pit.
 20461 | Lair:6   | Got a steaming shield
 20473 | Lair:6   | Identified the cursed -1 shield of the Blue Moon {Int+2} (You found it on level 6 of the Lair of Beasts)
 20740 | Lair:6   | Reached skill level 5 in Shields
 20874 | Lair:6   | Reached XP level 12. HP: 67/103 MP: 19/19
 21193 | Lair:7   | Noticed a six-headed hydra
 21308 | Lair:7   | Noticed Maud
 21329 | Lair:7   | Banished Maud
 21329 | Lair:7   | Reached skill level 12 in Axes
 21548 | Lair:7   | a six-headed hydra changed into a dryad
 21606 | Lair:7   | Noticed an eight-headed hydra
 21611 | Lair:7   | an eight-headed hydra changed into a hill giant
 21874 | Lair:7   | Found a staircase to the Slime Pits.
 23016 | Lair:8   | Entered Level 8 of the Lair of Beasts
 23975 | Lair:8   | Got a fine leather armour
 24041 | Lair:8   | Identified the +1 leather armour "Gusar" {Str-4 Int-4} (You found it on level 8 of the Lair of Beasts)
 24423 | Lair:8   | Reached skill level 13 in Axes
 24759 | Lair:8   | Reached XP level 13. HP: 88/111 MP: 20/20
 25133 | Lair:8   | Reached skill level 10 in Dodging
 25477 | Lair:8   | Noticed an emperor scorpion
 25477 | Lair:8   | a six-headed hydra changed into an emperor scorpion
 26418 | D:10     | Banished an unseen horror
 27053 | D:11     | Noticed Nessos
 27084 | D:11     | Banished Nessos
 28083 | D:11     | Noticed Harold
 28329 | D:12     | Found a staircase to the Orcish Mines.
 28991 | D:12     | Reached skill level 10 in Fighting
 29875 | Orc:1    | Entered Level 1 of the Orcish Mines
 30306 | Orc:2    | Noticed Sonja
 30309 | Orc:2    | Killed Sonja
 30605 | Orc:2    | Noticed Psyche
 30609 | Orc:2    | Killed Psyche
 31070 | Orc:3    | Found a burning altar of Makhleb.
 31105 | Orc:3    | Found Ewkarr's Magical Wand Boutique.
 31229 | Orc:3    | Noticed Donald
 31595 | Orc:3    | Found a staircase to the Elven Halls.
 31702 | Orc:4    | Entered Level 4 of the Orcish Mines
 32486 | Orc:4    | Found a roughly hewn altar of Beogh.
 32724 | Orc:4    | Found a roughly hewn altar of Beogh.
 32908 | Orc:4    | Found a roughly hewn altar of Beogh.
 32917 | Orc:4    | Reached skill level 14 in Axes
 32918 | Orc:4    | Found Thot's Food Boutique.
 32967 | Orc:4    | Bought an apple for 9 gold pieces
 33056 | Orc:4    | Found a roughly hewn altar of Beogh.
 33056 | Orc:4    | Found Khangaif's Assorted Antiques.
 33150 | Orc:4    | Bought a potion of cure mutation for 1050 gold pieces
 33150 | Orc:4    | Bought 2 scrolls of identify for 120 gold pieces
 33185 | Orc:4    | Bought a scroll of remove curse for 90 gold pieces
 33483 | Orc:4    | Noticed Saint Roka
 34060 | Lair:1   | Gained mutation: Your digestive system is specialised to digest meat. [potion of mutation]
 34233 | Snake:1  | Entered Level 1 of the Snake Pit
 35106 | Snake:2  | Reached XP level 14. HP: 105/122 MP: 21/21
 35673 | Snake:2  | Got a fine zirconium amulet
 35679 | Snake:2  | Identified the amulet "Coih Vioh" {+Rage Str+1} (You found it on level 2 of the Snake Pit)
 35724 | Snake:2  | Reached skill level 10 in Armour
 36421 | Snake:2  | HP: 2/122 [naga warrior/spear (10)]
 36426 | Snake:2  | Slain by a naga warrior

Action                   |  1- 3 |  4- 6 |  7- 9 | 10-12 | 13-15 || total
-------------------------+-------+-------+-------+-------+-------++-------
Melee: Hand axe          |   109 |       |       |       |       ||   109
       War axe           |    27 |   159 |   353 |  1031 |   859 ||  2429
 Abil: Evoke Teleport Co |       |       |       |       |     1 ||     1
Evoke: Wand              |       |     3 |     6 |    16 |     3 ||    28
  Use: Scroll            |       |    22 |    14 |    11 |    13 ||    60
       Potion            |       |       |       |     5 |    10 ||    15
